 Dungeon Crawl Stone Soup version 0.31-a0-263-ge8cad7f256 (webtiles) character file.

Game seed: 7071354457572649128

51 qw the Shooter (level 3, -1/21 HPs)
             Began as a Gargoyle Hexslinger on July 13, 2023.
             Slain by an orc
             ... wielding a +0 mace
              (5 damage)
             ... on level 2 of the Dungeon.
             The game lasted 00:00:33 (1241 turns).

qw the Shooter (Gargoyle Hexslinger)                Turns: 1241, Time: 00:00:33

Health: -1/21      AC:  7    Str: 17    XL:     3   Next: 83%
Magic:  4/4        EV: 11    Int: 13    God:
Gold:   82         SH:  0    Dex: 14    Spells: 3/4 levels left

rFire   . . .        Y - +1 sling
rCold   . . .        (no shield)
rNeg    + . .        i - +0 leather armour
rPois   inf          (no helmet)
rElec   +            (no cloak)
rCorr   .            d - +0 pair of gloves
SInv    .            (no boots)
Will    .....        (no amulet)
Stlth   +            f - +6 ring of strength
HPRegen 0.23/turn    (no ring)
MPRegen 0.09/turn

%: no passive effects
@: no status effects
A: sickness immunity, AC +3, negative energy resistance 1, electricity
resistance, torment resistance 1, petrification resistance
a: no special abilities


You were on level 2 of the Dungeon.
You visited 1 branch of the dungeon, and saw 2 of its levels.

You collected 82 gold pieces.


Innate Abilities, Weirdness & Mutations

You are immune to sickness and miasma.
Your stone body is resilient. (AC +3)
You are immune to poison.
You resist negative energy. (rN+)
You are resistant to electric shocks. (rElec)
You are resistant to unholy torment.
You are immune to petrification.


   Skills:
 - Level 2.1 Fighting
 + Level 3.6 Ranged Weapons
 - Level 1.5 Dodging
 - Level 1.0 Spellcasting
 - Level 2.6 Hexes


You had 3 spell levels left.
You knew the following spells:

 Your Spells              Type           Power      Damage    Failure   Level
a - Slow                  Hex            28%        N/A       12%         1

Your spell library contained the following spells:

 Spells                   Type           Power      Damage    Failure   Level
 Inner Flame              Hex/Fire       4%         N/A       52%         3
 Portal Projectile        Hex/Tloc       8%         N/A       52%         3
 Cause Fear               Hex            3%         N/A       75%         4

Inventory:

Hand Weapons
 Y - a +1 sling (weapon)
Armour
 d - a +0 pair of gloves (worn)
 i - a +0 leather armour (worn)
Jewellery
 a - a ring of willpower
 f - a +6 ring of strength (left hand)
Scrolls
 b - a scroll of teleportation {unknown}
Potions
 c - a potion of degeneration {unknown}
 k - a potion of curing {unknown}

Dungeon Overview and Level Annotations

Branches:
Dungeon (2/15)

Altars:


Message History

The orc's wounds heal themselves!
You shoot a sling bullet. The orc shouts!
The sling bullet hits the orc but does no damage.
You shoot a sling bullet. The sling bullet hits the orc.
The orc is moderately wounded.
The orc hits you with a +0 hand axe. x2
You shoot a sling bullet.
The sling bullet hits the orc but does no damage.
The orc is moderately wounded.
The orc closely misses you.
An orc comes into view. It is wielding a +0 mace.
You shoot a sling bullet. The orc shouts!
The sling bullet hits the orc.
The orc is severely wounded.
The orc hits you with a +0 hand axe.
You shoot a sling bullet.
The sling bullet closely misses the orc.
The sling bullet hits the orc!
You kill the orc!
The orc hits you but does no damage. The orc closely misses you.
You shoot a sling bullet. The sling bullet barely misses the orc.
The orc barely misses you. The orc hits you but does no damage.
The orc priest calls upon Beogh to heal the orc.
The orc is healed somewhat.
The orc hits you with a +0 hand axe. The orc closely misses you.
The orc priest barely misses you.
You shoot a sling bullet.
The sling bullet hits the orc priest but does no damage.
The orc closely misses you. The orc priest closely misses you.
The orc barely misses you.
You shoot a sling bullet. The sling bullet hits the orc priest!
The orc priest is heavily wounded.
The orc barely misses you.
The orc priest hits you but does no damage.
The orc hits you with a +3 flail!
You shoot a sling bullet.
The sling bullet barely misses the orc priest.
The orc closely misses you. The orc hits you with a +0 mace.
You die...

#.# ..####### # #..
....... # #.. #.##.. .
#..###.##.##########
.####.....)%#.#........
..............#.########
.....<.....#..#.........
#.....o....#..#..#######
#....)o@................
#.....oo..##..#.#######.
#...?.....##..#... #.
#.........+.#.#.### #.
#.........#.#.#.. #.
########+#..#..########.
#..#...........
..........####
#.####.#...#..##


You could see an orc priest and 3 orcs.

Vanquished Creatures
  3 worms (D:2)
  2 dart slugs
  An orc (D:2)
  3 ball pythons (D:2)
  3 endoplasms (D:1)
  A giant cockroach (D:1)
  7 goblins
  3 hobgoblins
  3 jackals (D:2)
  2 kobolds (D:1)
  3 bats
  A frilled lizard (D:2)
  3 rats
35 creatures vanquished.

Notes
Turn   | Place    | Note
-------+----------+-------------------------------------------
     0 | D:1      | qw the Gargoyle Hexslinger began the quest for the Orb.
     0 | D:1      | Reached XP level 1. HP: 12/12 MP: 2/2
     0 | D:1      | 0 ||| qw: Version: 0.3-a-52-g30416fa
     0 | D:1      | 0 ||| qw: Game counter: 7308
     0 | D:1      | 0 ||| qw: Melee chars always use a shield: true
     0 | D:1      | 0 ||| qw: God list: Okawaru
     0 | D:1      | 0 ||| qw: Allow faded altars: false
     0 | D:1      | 0 ||| qw: Do Orc after clearing Dungeon:15 true
     0 | D:1      | 0 ||| qw: Do second Lair branch before Depths: true
     0 | D:1      | 0 ||| qw: Lair rune preference: random
     0 | D:1      | 0 ||| qw: Goals: Normal
     0 | D:1      | 0 ||| PLANNING D:1-11
   138 | D:1      | Reached XP level 2. HP: 16/16 MP: 3/3
   233 | D:1      | Reached skill level 3 in Ranged Weapons
   371 | D:1      | Found a faded altar of an unknown god.
   586 | D:1      | 586 ||| UPGRADING to +0 pair of gloves.
   591 | D:1      | 591 ||| UPGRADING to +0 leather armour.
   601 | D:1      | 601 ||| DROPPING +0 robe.
   602 | D:1      | 602 ||| UPGRADING to +6 ring of strength.
   603 | D:1      | 603 ||| READING scroll labelled FOGEBADEUDE.
   604 | D:1      | 604 ||| READING scroll labelled ICKYMM FIZXIJ.
   605 | D:1      | 605 ||| DRINKING 2 lumpy black potions.
   710 | D:1      | 710 ||| DRINKING 3 smoky green potions.
   711 | D:1      | 711 ||| DROPPING scroll of poison.
   712 | D:1      | 712 ||| DROPPING potion of berserk rage.
   713 | D:1      | 713 ||| DROPPING 2 potions of brilliance.
   739 | D:2      | Reached XP level 3. HP: 21/21 MP: 4/4
  1240 | D:2      | HP: 3/21 [orc/+3 flail (8)]
  1241 | D:2      | Slain by an orc

Levels and vault maps discovered:
D:1:      psy_arrival_whirlpool, layout_loops_cross,
          ebering_ecumenical_altar_petrified
D:2:      layout_basic, serial_shops, shop, shop, minmay_statues_item

Skill      XL: |  1  2  3 |
---------------+----------+-----
Ranged Weapons | 3 |  3.6
Fighting       | 2 |  2.1
Dodging        | |  1.5
Spellcasting   | |  1.0
Hexes          | |  2.6

Action                     || total
---------------------------++-------
   Fire: Sling             ||   140
    Use: Scroll            ||     2
         Potion            ||     2
 Armour: Robe              ||     8
         Leather armour    ||    14
  Dodge: Dodged            ||    33

Table legend:
 A = Non-vault XP
 B = Vault XP
 C = Vault XP percentage of total XP
 D = Non-vault monster count
 E = Vault monster count
 F = Vault count percentage of total count
                 A         B        C        D         E       F
            +---------+---------+-------+---------+---------+-------
      Total |      74 |       0 |   0.0 |      35 |       0 |   0.0
            +---------+---------+-------+---------+---------+-------
        D:1 |      32 |       0 |   0.0 |      17 |       0 |   0.0
        D:2 |      42 |       0 |   0.0 |      18 |       0 |   0.0
            +---------+---------+-------+---------+---------+-------
